Map: Dusk Towers

Players

cUteOnE

  • Race: Terran Terran
  • League: Master

BunnyWillis - Winner!

  • Race: Terran Terran
  • League: Grandmaster

VOD

Have the link to the VOD?

Description

Time

  • Played on: Nov. 24, 2015, 1:01 a.m.
  • Length: 10:29
Show
View Real Time Build Order
Export as new Build Order

cUteOnE Terran 

Build Orders: 1/1/1, Bio Tank, MMM Bio, Widow Mine Drop 

Get SALT Encoding   

  12  0:01  SCV  
  13  0:13  SCV  
  14  0:22  Supply Depot  
  14  0:25  Refinery  
  14  0:29  SCV  
  15  0:43  SCV  
  15  0:46  Barracks  
  16  0:55  SCV  
  17  1:12  SCV  
  18  1:25  SCV  
  19  1:36  Factory  
  19  1:37  Marine  
  19  1:38  Orbital Command  
  20  1:41  Supply Depot  
  20  1:54  Marine  
  21  2:06  SCV  
  22  2:12  Marine  
  23  2:18  SCV  
  23  2:20  Starport  
  23  2:21  Widow Mine  
  26  2:25  Refinery  
  26  2:30  SCV, Marine  
  26  2:33  Supply Depot  
  28  2:39  Engineering Bay  
  28  2:42  SCV  
  29  2:49  Marine  
  30  2:54  Widow Mine  
  30  2:56  SCV  
  30  2:57  Medivac  
  35  3:08  SCV  
  36  3:19  Missile Turret  
  36  3:20  SCV, Barracks Reactor  
  36  3:23  Supply Depot  
  36  3:27  Factory Tech Lab  
  37  3:32  SCV  
  38  3:45  Viking  
  38  3:46  Siege Tank  
  43  3:49  SCV  
  43  3:53  Supply Depot  
  44  4:01  SCV  
  45  4:04  Marine x2  
  40  4:31  Command Center  
  40  4:36  Barracks x2, Marine  
  40  4:37  Marine  
  42  4:49  Siege Tank  
  45  4:54  Viking, Marine x2  
  49  5:04  Supply Depot  
  49  5:15  Marine x2  
  51  5:21  SCV  
  52  5:29  Barracks Reactor, Barracks Tech Lab  
  52  5:31  Medivac  
  52  5:32  Siege Tank  
  57  5:42  Marine x2  
  58  5:44  Orbital Command  
  58  5:49  Missile Turret  
  59  5:55  Marine  
  60  6:00  Marine  
  61  6:05  Marine x3  
  61  6:06  Siege Tank, Medivac  
  69  6:13  SCV x2  
  69  6:14  Marine  
  69  6:18  Marine  
  73  6:20  Refinery  
  73  6:24  Marine x3  
  73  6:25  Stimpack  
  76  6:31  SCV  
  76  6:32  Marine  
  78  6:49  Supply Depot  
  78  6:50  Supply Depot  
  78  7:06  Command Center, Marine x3  
  78  7:07  SCV x2  
  73  7:12  Marine  
  74  7:19  SCV x2  
  76  7:30  Marine  
  76  7:31  SCV x2, Starport Reactor, Marine x2  
  76  7:32  Siege Tank, Barracks  
  76  7:33  Barracks  
  84  7:43  SCV  
  85  7:44  Marine x2  
  85  7:48  Marine  
  85  7:49  Marine  
  64  8:08  Marine x2  
  40  8:35  SCV  
  40  8:37  Marine x3  
  37  8:44  Marine x2  
  34  8:53  Combat Shields  
  34  8:55  Marine x2  
  36  8:57  Medivac x2  
  36  8:59  Siege Tank  
  36  9:00  Marine  
  36  9:02  Marine  
  45  9:09  SCV x2  
  47  9:13  Marine x2  
  49  9:18  Marine  
  49  9:20  Marine  
  43  9:30  SCV x2, Marine  
  43  9:31  Siege Tank, Marine  
  47  9:35  Marine  
  47  9:38  Marine  
  52  9:44  SCV x2  
  54  9:49  Supply Depot  
  54  9:52  Orbital Command  
  54  9:56  Barracks Reactor  
  54  9:57  Marine x2  
  56  10:01  SCV  
  56  10:02  SCV  
  58  10:07  Marine  
Show
View Real Time Build Order
Export as new Build Order

BunnyWillis Terran - Winner!

Build Orders: 1/1/1, Cyclone Opening 

Get SALT Encoding   

  12  0:01  SCV  
  13  0:13  SCV  
  14  0:17  Supply Depot  
  14  0:25  SCV  
  14  0:28  Refinery  
  15  0:39  SCV  
  16  0:45  Barracks  
  16  0:51  SCV  
  17  1:03  SCV  
  18  1:15  SCV  
  19  1:31  Refinery  
  19  1:32  Factory  
  19  1:33  Orbital Command  
  19  1:34  Marine  
  20  1:44  Supply Depot  
  20  1:51  Marine  
  21  1:58  SCV  
  22  2:10  SCV, Barracks Tech Lab  
  22  2:13  Barracks Reactor  
  23  2:16  Supply Depot  
  23  2:19  Factory Tech Lab  
  23  2:22  SCV  
  23  2:27  Starport  
  24  2:35  SCV  
  25  2:45  Cyclone  
  25  2:47  SCV  
  25  2:49  Marine x2  
  31  2:57  Supply Depot  
  31  3:00  SCV  
  32  3:08  Medivac  
  32  3:09  Marine  
  32  3:10  Marine  
  37  3:12  SCV  
  38  3:27  Marine x2  
  38  3:29  Siege Tank  
  38  3:30  SCV  
  43  3:54  Command Center  
  43  3:57  Marine  
  43  4:01  Marine  
  45  4:11  SCV  
  45  4:13  Siege Tank  
  49  4:19  Marine  
  49  4:21  Marine  
  50  4:28  Medivac  
  50  4:29  SCV  
  53  4:32  Supply Depot  
  53  4:40  Engineering Bay  
  53  4:42  Marine x2  
  55  4:53  SCV  
  55  4:55  Siege Tank  
  59  5:01  Marine x2  
  61  5:07  Orbital Command  
  61  5:19  Marine x2  
  61  5:20  SCV  
  64  5:22  Medivac  
  66  5:31  Siege Tank  
  66  5:33  Orbital Command  
  66  5:34  SCV  
  67  5:43  Marine  
  67  5:44  Marine  
  67  5:46  SCV  
  70  5:58  SCV  
  70  5:59  Barracks  
  70  6:00  Barracks  
  70  6:01  SCV  
  72  6:05  Marine x2  
  72  6:10  SCV  
  75  6:13  SCV  
  76  6:21  Siege Tank  
  76  6:22  SCV  
  76  6:25  SCV  
  81  6:27  Supply Depot  
  81  6:28  Marine x2  
  81  6:30  Medivac  
  85  6:34  SCV  
  85  6:37  SCV  
  77  6:43  Supply Depot, Refinery  
  77  6:46  Terran Infantry Weapons Level 1, SCV  
  78  6:48  Barracks Tech Lab  
  78  6:49  Barracks Tech Lab, Marine x2  
  78  6:52  SCV  
  81  6:58  SCV  
  82  7:04  SCV  
  82  7:08  Marine x4  
  84  7:09  Stimpack  
  84  7:10  SCV, Starport Reactor  
  88  7:16  SCV  
  88  7:18  Siege Tank  
  88  7:22  Refinery  
  92  7:23  SCV  
  92  7:25  Supply Depot  
  92  7:28  SCV  
  94  7:30  Supply Depot  
  94  7:33  Supply Depot, Marine  
  94  7:35  SCV, Marine  
  97  7:40  SCV  
  98  7:47  SCV  
  98  7:48  Marine x2  
  94  7:52  SCV  
  94  7:53  Marine  
  94  7:57  Marine  
  95  7:59  SCV  
  95  8:04  SCV  
  97  8:05  Marine  
  97  8:06  Marine  
  97  8:11  SCV, Marine  
  94  8:15  Marine  
  94  8:16  SCV  
  91  8:23  SCV, Marine x2  
  91  8:28  SCV  
  91  8:29  Marine  
  91  8:33  Marine  
  89  8:35  SCV  
  89  8:40  SCV  
  91  8:41  Marine x2  
  91  8:42  Command Center  
  91  8:47  SCV, Marine  
  87  8:48  Siege Tank  
  87  8:50  Marine, Medivac  
  87  8:54  Medivac  
  95  8:56  SCV  
  95  8:59  Marine x2  
  98  9:17  Marine x4  
  98  9:20  Siege Tank  
  98  9:24  SCV x2  
  100  9:34  Marine  
  100  9:35  Marine x2  
  100  9:36  SCV x2  
  105  9:52  SCV x2, Barracks Reactor  
  107  9:53  Barracks  
  107  9:54  Barracks  
  107  9:55  Marine x2  
  107  9:56  Marine  
  111  10:17  SCV  
Tags
 
Add a new tag
Caveats
  • Supply blocks, unpowered buildings, or Contaminate may cause inaccurate times.
  • Supply counts are checked every 10 seconds.